 Dungeon Crawl Stone Soup version 0.28-a0-691-gad6df49e81 (webtiles) character file.

Game seed: 8654773555125130587

620 Irenicus the Geomancer (level 7, 34/55 HPs)
             Began as a Deep Dwarf Earth Elementalist on Oct 21, 2021.
             Quit the game on level 7 of the Dungeon.
             The game lasted 00:12:30 (1559 turns).

Irenicus the Geomancer (DDEE)                       Turns: 1559, Time: 00:12:31

Health: 34/55      AC:  6    Str: 11    XL:     7   Next: 22%
Magic:  2/8        EV: 11    Int: 18    God:
Gold:   185        SH:  0    Dex: 13    Spells: 3/9 levels left

rFire   . . .      SeeInvis .   b - staff of air {!a}
rCold   + . .      Faith    .   (no shield)
rNeg    . . .      Spirit   .   d - +2 leather armour {rC+}
rPois   .          Reflect  .   (no helmet)
rElec   +          Harm     .   (no cloak)
rCorr   .          Rampage  .   k - +0 pair of gloves
Will    +....                   (no boots)
Stlth   ++........              (no amulet)
HPRegen 0.00/turn               (no ring)
MPRegen 0.11/turn               (no ring)

@: no status effects
A: damage resistance, heal wounds, sense surroundings 1, no regeneration
a: Heal Wounds


You were on level 7 of the Dungeon.
You visited 1 branch of the dungeon, and saw 7 of its levels.

You collected 185 gold pieces.


Innate Abilities, Weirdness & Mutations

You are resistant to damage.
You can heal yourself by infusing magical energy.
You passively map a small area around you.
You do not regenerate.


   Skills:
 - Level 2.1 Dodging
 - Level 2.4 Stealth
 - Level 1.7 Spellcasting
 - Level 0.8 Transmutations
 + Level 11.0 Earth Magic


You had 3 spell levels left.
You knew the following spells:

 Your Spells              Type           Power      Damage    Failure   Level
t - Stone Arrow           Conj/Erth      42%        3d9       8%          3
w - Passwall              Tmut/Erth      18%        N/A       3%          2
z - Sandblast             Erth           82%        2d17      1%          1

Your spell library contained the following spells:

 Spells                   Type           Power      Damage    Failure   Level
 Blink                    Tloc           N/A        N/A       36%         2
 Dazzling Flash           Conj/Hex       2%         N/A       58%         3
 Petrify                  Tmut/Erth      22%        N/A       22%         4
 Iskenderun's Mystic Bla  Conj/Tloc      1%         2d3       94%         4
 Manifold Assault         Tloc           1%         N/A       100%        5
 Starburst                Conj/Fire      0%         6d3       100%        6
 Storm Form               Tmut/Air       2%         N/A       100%        7

Inventory:

Hand Weapons
 f - a +0 dagger
Armour
 d - a +2 leather armour of cold resistance (worn)
 k - a +0 pair of gloves (worn)
Magical Staves
 b - a staff of air (weapon) {!a}
Scrolls
 a - 2 scrolls of identify {unknown}
 j - a scroll of immolation {unknown}
Potions
 g - a potion of heal wounds {@q2}
 h - a potion of might
 i - a potion of curing {@q1}

Dungeon Overview and Level Annotations

Branches:
Dungeon (7/15)
 Temple: D:4-7

Altars:
Ru

Shops:
D:4 :

Annotations:
D:4 Dowan, Duvessa

** * * *## * **
### ##.##
##...#...##... ,
, #.....@.......
, *
#.........c....
* ,
,#............##
,
,..........#.##
, ......#...# #
, .......?5## *
* , .......... *
.......... , * ,


You could see a centaur and a white imp.


Message History

Okay, then.
There is a stone staircase leading down here.
You climb downwards.
Found a scroll labelled CIDYSTR ZUIJA.
There is a stone staircase leading up here.
Casting: Stone Arrow (dangerous; 8% risk of failure)
Confirm with . or Enter, or press ? or * to list all spells.
Aiming: Stone Arrow (dangerous; 8% risk of failure)
Press: ? - help, Shift-Dir - straight line, f - centaur
Aim: a centaur, quivering arrows (asleep, 100% to hit)
The stone arrow hits the centaur!
The centaur is moderately wounded.
The centaur shouts!
Something shouts, "Scamper home, thou horrid grit-sucking bloater!"
A white imp comes into view.
Casting: Stone Arrow (dangerous; 8% risk of failure)
Confirm with . or Enter, or press ? or * to list all spells.
Aiming: Stone Arrow (dangerous; 8% risk of failure)
Press: ? - help, Shift-Dir - straight line, f/p - centaur
Aim: a centaur, quivering arrows (moderately wounded, 83% to hit)
The stone arrow hits the centaur!
The centaur is almost dead.
The centaur wields a +0 shortbow.
The centaur shoots an arrow.
The arrow closely misses you.
Okay, then.
Use which ability? (? or * to list)
Your magical essence is drained by the effort!
You feel much better.
The centaur shoots an arrow.
The arrow barely misses you.
The centaur shoots an arrow.
The arrow hits you!
Are you sure you want to abandon this character and quit the game? (Confirm with "yes".)

Skill      XL: |  1  2  3  4  5  6  7 |
---------------+----------------------+-----
Earth Magic    | 6 7 8 10 11 | 11.0
Dodging        | |  2.1
Stealth        | |  2.4
Spellcasting   | |  1.7
Transmutations | |  0.8

Action                   |  1- 3 |  4- 6 |  7- 9 || total
-------------------------+-------+-------+-------++-------
Melee: Dagger            |    15 |    65 |       ||    80
       Club              |     1 |       |       ||     1
 Cast: Sandblast         |    21 |    59 |       ||    80
       Passwall          |     1 |       |       ||     1
       Stone Arrow       |       |     7 |     7 ||    14
 Abil: Heal Wounds       |       |     2 |     1 ||     3
  Use: Potion            |     1 |     5 |       ||     6
       Scroll            |       |     1 |       ||     1
 Stab: Sleeping          |     4 |       |       ||     4
Armor: Robe              |     5 |     1 |       ||     6
       Leather armour    |       |    42 |       ||    42
Dodge: Dodged            |    14 |    74 |     3 ||    91

Levels and vault maps discovered:
D:1:      dpeg_arrival_solitude, layout_basic, basic_ecumenical_altar
D:2:      layout_basic, uniq_natasha
D:3:      layout_loops_cross, mainiacjoe_overflow_chevrons, uniq_ijyb
D:4:      lemuel_castle_with_subvaults [lemuel_castle_interior_carwin_2],
          layout_basic, slow_altar_2, nicolae_stop_n_shop_2, uniq_duvessa
D:5:      layout_loops_ring, nicolae_overflow_crystal_walls
D:6:      layout_loops_corners, nzn_wu_jian_contemplation, kennysheep_boxes
D:7:      minmay_the_grid_triangle_9x9_recursive_2
          [minmay_the_grid_triangle_9x9_prize_center,
          minmay_the_grid_triangle_9x9_zippers_horizontal,
          minmay_the_grid_triangle_9x9_warning,
          minmay_the_grid_triangle_9x9_zippers_vertical], layout_cave_pools,
          minmay_temple_entry_sparse_star, serial_glass, glass_columns_b,
          glass_columns_a, minmay_misc_feat_more_columns,
          minmay_misc_feat_ornament, lightli_orcish_oven

Notes
Turn   | Place    | Note
-------+----------+-------------------------------------------
     0 | D:1      | Irenicus the Deep Dwarf Earth Elementalist began the quest
                  | for the Orb.
     0 | D:1      | Reached XP level 1. HP: 15/15 MP: 3/3
   152 | D:1      | Reached XP level 2. HP: 22/22 MP: 2/4
   182 | D:1      | Reached skill level 5 in Earth Magic
   364 | D:4      | Learned a level 2 spell: Passwall
   472 | D:4      | Reached skill level 6 in Earth Magic
   472 | D:4      | Reached XP level 3. HP: 28/28 MP: 1/5
   511 | D:4      | Reached XP level 4. HP: 27/36 MP: 2/6
   513 | D:4      | Reached skill level 7 in Earth Magic
   700 | D:4      | Reached XP level 5. HP: 15/42 MP: 0/7
   744 | D:4      | Reached skill level 8 in Earth Magic
   852 | D:4      | Noticed an ogre
   869 | D:4      | Noticed a centaur
   905 | D:4      | Noticed Duvessa
   905 | D:4      | Noticed Dowan
   912 | D:4      | Reached XP level 6. HP: 14/49 MP: 0/8
   921 | D:5      | Entered Level 5 of the Dungeon
   936 | D:4      | Found Myudghoa's Book Shop.
   963 | D:5      | Found a sacrificial altar of Ru.
   967 | D:5      | Reached skill level 9 in Earth Magic
  1067 | D:5      | Learned a level 3 spell: Stone Arrow
  1206 | D:5      | Reached skill level 10 in Earth Magic
  1342 | D:6      | Reached XP level 7. HP: 12/55 MP: 0/9
  1511 | D:6      | Reached skill level 11 in Earth Magic
  1559 | D:7      | Quit the game

Vanquished Creatures
  An ogre (D:5)
  An ice beast (D:6)
  A jelly (D:6)
  2 hounds
  2 bullfrog skeletons (D:4)
  A gnoll shaman (D:4)
  An iguana (D:4)
  17 gnolls
  2 adders
  A shadow imp (D:5)
  2 dart slugs
  7 orcs (D:4)
  2 endoplasms (D:1)
  2 giant cockroaches (D:1)
  6 goblins
  2 hobgoblins
  8 jackals (D:4)
  3 kobolds
  2 quokkas
  2 ball pythons (D:4)
  A bat (D:1)
  A rat (D:1)
67 creatures vanquished.

Table legend: (Time is in decaauts)
 A = Elapsed time spent in this place.
 B = Non-inter-level travel time spent in this place.
 C = Inter-level travel time spent in this place.
 D = Time resting spent in this place.
 E = Time spent auto-exploring this place.
 F = Levels seen in this place.
 G = Mean time per level.
                   A        B        C        D        E       F      G
               +--------+--------+--------+--------+--------+-----+--------+
         Total |   1564 |   1549 |     15 |      0 |      0 |   7 |  223.4 |
       Dungeon |   1564 |   1549 |     15 |      0 |      0 |   7 |  223.4 |
               +--------+--------+--------+--------+--------+-----+--------+

Top non-repeatable levels by time:
     D:4: 621 daAuts
     D:5: 318 daAuts
     D:6: 299 daAuts
     D:1: 235 daAuts
     D:3: 50 daAuts
     D:2: 35 daAuts
     D:7: 3 daAuts

Table legend:
 A = Non-vault XP
 B = Vault XP
 C = Vault XP percentage of total XP
 D = Non-vault monster count
 E = Vault monster count
 F = Vault count percentage of total count
                 A         B        C        D         E       F
            +---------+---------+-------+---------+---------+-------
      Total |     861 |      25 |   2.8 |      61 |       6 |   9.0
            +---------+---------+-------+---------+---------+-------
        D:1 |      22 |       0 |   0.0 |      11 |       0 |   0.0
        D:2 |       2 |       0 |   0.0 |       1 |       0 |   0.0
        D:3 |       2 |       0 |   0.0 |       1 |       0 |   0.0
        D:4 |     333 |      25 |   7.0 |      30 |       6 |  16.7
        D:5 |     238 |       0 |   0.0 |       9 |       0 |   0.0
        D:6 |     264 |       0 |   0.0 |       9 |       0 |   0.0
            +---------+---------+-------+---------+---------+-------
